 Dungeon Crawl Stone Soup version 0.26-a0-712-ga5a9c9c9d0 (webtiles) character file.

Game seed: 10879563494049034519

(classic levelgen) 360 EnegeticOcto the Chopper (level 6, 38/57 HPs)
             Began as a Deep Dwarf Fighter on Nov 3, 2020.
             Quit the game on level 4 of the Dungeon.
             The game lasted 00:00:50 (693 turns).

EnegeticOcto the Chopper (Deep Dwarf Fighter)        Turns: 693, Time: 00:00:50

Health: 38/57      AC:  8    Str: 21    XL:     6   Next: 38%
Magic:  4/4        EV:  7    Int:  9    God:
Gold:   65         SH: 10    Dex: 12    Spells: 5/5 levels left

rFire    . . .     SeeInvis .   a - +0 war axe
rCold    . . .     Faith    .   c - +0 kite shield
rNeg     + . .     Spirit   .   b - +0 scale mail
rPois    .         Reflect  .   (no helmet)
rElec    .         Harm     .   (no cloak)
rCorr    .         Rampage  .   (no gloves)
MR       .....                  m - +0 pair of boots
Stlth    +.........             (no amulet)
HPRegen  0.00/turn              h - ring of stealth
MPRegen  0.09/turn              n - ring of positive energy

@: lethally poisoned (38 -> -1), non-regenerating
A: damage resistance, heal wounds, sense surroundings 1, no regeneration
a: Heal Wounds


You were on level 4 of the Dungeon.
You visited 1 branch of the dungeon, and saw 4 of its levels.

You collected 65 gold pieces.

Inventory:

Hand Weapons
 a - a +0 war axe (weapon)
Armour
 b - a +0 scale mail (worn)
 c - a +0 kite shield (worn)
 m - a +0 pair of boots (worn)
Jewellery
 h - a ring of stealth (left hand)
 n - a ring of positive energy (right hand)
Wands
 l - a wand of digging (4) {@v3}
Scrolls
 e - a scroll of magic mapping {unknown}
 f - a scroll of random uselessness {unknown}
 i - 2 scrolls of identify {unknown}
 j - a scroll of enchant armour {unknown}
 o - a scroll of remove curse {unknown}
 p - 2 scrolls of amnesia {unknown}
 r - a scroll of noise {unknown}
Potions
 d - a potion of might {@q3}
 g - 2 potions of lignification {unknown}
 k - a potion of brilliance {unknown}
 q - a potion of heal wounds {unknown}
 s - a potion of curing {unknown}


   Skills:
 + Level 3.7 Fighting
 * Level 5.0 Axes
 + Level 4.5 Armour
 + Level 4.5 Shields


You had 5 spell levels left.
You didn't know any spells.
Your spell library was empty.

Dungeon Overview and Level Annotations

Branches:
Dungeon (4/15)
 Temple: D:4-7

Altars:


Innate Abilities, Weirdness & Mutations

You are resistant to damage.
You can heal yourself by infusing magical energy.
You passively map a small area around you.
You do not regenerate.


Message History

2 killer bees come into view.
The killer bee buzzes angrily. x2
A killer bee comes into view. x2
The killer bee moves out of view.
There are monsters nearby!
There are monsters nearby!
The killer bee buzzes angrily. x2
You block the killer bee's attack.
You miss the killer bee. The killer bee stings you.
You closely miss the killer bee. You miss the killer bee.
The killer bee stings you but does no damage.
You block the killer bee's attack.
The killer bee stings you but does no damage.
The killer bee barely misses you. The killer bee closely misses you.
The killer bee stings you but does no damage.
The killer bee completely misses you.
You slash the killer bee!
The killer bee is heavily wounded.
You closely miss the killer bee.
You hit the killer bee but do no damage.
You miss the killer bee. The killer bee stings you.
You are poisoned.
The killer bee poisons you! You block the killer bee's attack.
The killer bee stings you. x2
You are more poisoned.
The killer bee poisons you! You block the killer bee's attack.
The killer bee stings you.
The killer bee stings you but does no damage.
A worker ant comes into view.
The killer bee stings you!
You are more poisoned.
The killer bee poisons you! The killer bee stings you.
You are more poisoned.
The killer bee poisons you!
Your shield prevents you from hitting the killer bee.
The killer bee is heavily wounded.
You miss the killer bee.
You hit the killer bee but do no damage.
You miss the killer bee.
You feel very sick. The killer bee completely misses you.
The killer bee barely misses you. The killer bee stings you.
You are more poisoned.
The killer bee poisons you! You block the killer bee's attack. x2
The killer bee barely misses you.
The killer bee stings you but does no damage.
The killer bee closely misses you. You block the killer bee's attack.
The killer bee stings you.
You are more poisoned.
The killer bee poisons you!
The killer bee stings you but does no damage.
You hit the killer bee.
The killer bee is severely wounded.
You closely miss the killer bee. x2; You slash the killer bee!
You feel very sick. The killer bee stings you!
You block the killer bee's attack.
The killer bee stings you but does no damage.
You block the killer bee's attack. x2; The killer bee closely misses you.
The killer bee stings you but does no damage.
The killer bee closely misses you. The killer bee barely misses you.
The killer bee stings you.
You are lethally poisoned!
The killer bee poisons you! The killer bee stings you.
You are more poisoned.
The killer bee poisons you! The killer bee barely misses you.
You are too injured to fight recklessly!
You are too injured to fight recklessly!
You are too injured to fight recklessly!
You are too injured to fight recklessly!
You are too injured to fight recklessly!
You are too injured to fight recklessly!
You are too injured to fight recklessly!
You are too injured to fight recklessly!
You are too injured to fight recklessly!
You are too injured to fight recklessly!
You are too injured to fight recklessly!
You are too injured to fight recklessly!
You are too injured to fight recklessly!
You feel much better.
You feel very sick.
The killer bee stings you but does no damage.
You block the killer bee's attack. The killer bee barely misses you.
You block the killer bee's attack.
The killer bee stings you but does no damage.
You block the killer bee's attack. The killer bee stings you!
You are more poisoned.
The killer bee poisons you! The killer bee stings you.
You are more poisoned.
The killer bee poisons you!
You feel very sick. The killer bee barely misses you.
You block the killer bee's attack.
You feel much better.
You feel very sick. You block the killer bee's attack.
The killer bee closely misses you. You block the killer bee's attack.
The killer bee closely misses you.
You feel very sick. The killer bee stings you.
Evoke which item? (* to show all) (? for menu, Esc to quit)
Okay, then.
Are you sure you want to abandon this character and quit the game? (Confirm with "yes".)

,#.#.#.#..# * *
#.....#.## #.###
#.#.#....# * ....#
.##....###.# *, .....#
.##..### #.# , ...... *
####.# #.#### * #.....#
, # #.# #....# *..... *
####.#####.##.#####..#
**
................@yyy.# *
##.........#######yB.#,*
.###.....###. ##.## , ,
* ...##...##... ≈≈,, .#
** * )...........≈ ≈ ≈
.# ...##...##...≈ .# *
.###.....###. ..
##.........#* .. *
......#......


You could see a worker ant and 4 killer bees.

Vanquished Creatures
  Sigmund (D:4)
  A bullfrog (D:4)
  Jessica (D:3)
  A worker ant (D:4)
  6 adders
  A white imp (D:4)
  A worm (D:2)
  A dart slug (D:1)
  A ball python (D:4)
  2 bats (D:2)
  2 hobgoblins
  3 jackals (D:2)
  5 frilled lizards
  2 goblins
  2 kobolds (D:1)
  2 rats (D:2)
32 creatures vanquished.

Notes
Turn   | Place    | Note
-------+----------+-------------------------------------------
     0 | D:1      | EnegeticOcto the Deep Dwarf Fighter began the quest for the
                  | Orb.
     0 | D:1      | Reached XP level 1. HP: 20/20 MP: 1/1
   102 | D:2      | Reached XP level 2. HP: 27/27 MP: 2/2
   144 | D:2      | Reached skill level 3 in Axes
   144 | D:2      | Reached XP level 3. HP: 32/34 MP: 3/3
   252 | D:3      | Noticed Jessica
   272 | D:3      | Killed Jessica
   272 | D:3      | Reached XP level 4. HP: 28/42 MP: 3/3
   427 | D:4      | Noticed a bullfrog
   436 | D:4      | Killed a bullfrog
   436 | D:4      | Reached skill level 4 in Axes
   436 | D:4      | Reached XP level 5. HP: 23/49 MP: 4/4
   601 | D:4      | Noticed Sigmund
   635 | D:4      | Killed Sigmund
   635 | D:4      | Reached skill level 5 in Axes
   635 | D:4      | Reached XP level 6. HP: 49/57 MP: 4/4
   693 | D:4      | Quit the game

Illustrated notes

Levels and vault maps discovered:
D:1:      matt_arrival_refuge, layout_basic, evilmike_ruin_ashenzari
D:2:      layout_rooms, grunt_temple_overflow_diamond, chequers_mini_garden
D:3:      layout_loops_ring, minmay_distorted, uniq_jessica, uniq_purgy
D:4:      layout_loops_ring, yredelemnul_altar_generic, hex_tiny,
          nicolae_zen_rock_garden, minmay_fire_ice_demons, uniq_sigmund

Skill      XL: |  1  2  3  4  5 |
---------------+----------------+-----
Fighting       | 3 |  3.7
Axes           | 3 4 5 |  5.0
Armour         | 4 |  4.5
Shields        | 4 |  4.5

Action                   |  1- 3 |  4- 6 || total
-------------------------+-------+-------++-------
Melee: War axe           |    60 |    54 ||   114
 Abil: Heal Wounds       |     1 |     5 ||     6
Armor: Scale mail        |    36 |    25 ||    61
Dodge: Dodged            |    26 |    26 ||    52
Block: Kite shield       |    40 |    43 ||    83

Table legend: (Time is in decaauts)
 A = Elapsed time spent in this place.
 B = Non-inter-level travel time spent in this place.
 C = Inter-level travel time spent in this place.
 D = Time resting spent in this place.
 E = Time spent auto-exploring this place.
 F = Levels seen in this place.
 G = Mean time per level.
                   A        B        C        D        E       F      G
               +--------+--------+--------+--------+--------+-----+--------+
         Total |    744 |    700 |     44 |      0 |    405 |   4 |  186.0 |
       Dungeon |    744 |    700 |     44 |      0 |    405 |   4 |  186.0 |
               +--------+--------+--------+--------+--------+-----+--------+

Top non-repeatable levels by time:
     D:4: 427 daAuts
     D:2: 165 daAuts
     D:1: 104 daAuts
     D:3: 47 daAuts
